 Dungeon Crawl Stone Soup version 0.29.1-12-g30fa7ad0bf (webtiles) character file.

Game seed: 10245108174419393002

42349 devnull the Fighter (level 14, -13/132 HPs)
             Began as a Ghoul Gladiator on Dec 19, 2022.
             Was the Champion of Okawaru.
             Mangled by a caustic shrike simulacrum (16 damage)
             ... in an ice cave on Dec 27, 2022.
             The game lasted 00:53:10 (15351 turns).

devnull the Fighter (Ghoul Gladiator)              Turns: 15351, Time: 00:53:11

Health: -13/132    AC: 25    Str: 39    XL:     14   Next: 19%
Magic:  15/20      EV: 10    Int:  5    God:    Okawaru [******]
Gold:   774        SH:  3    Dex: 14    Spells: 13/13 levels left

rFire   . . .      SeeInvis .   v - +10 broad axe "Spiderslayer" {flame, *Rage rPois Str+5 Dex+4}
rCold   + . .      Faith    .   y - +0 buckler
rNeg    + + +      Spirit   .   Q - +1 chain mail "Iderex" {Str+4}
rPois   ∞          Reflect  .   H - +2 helmet
rElec   .          Harm     .   k - +0 cloak
rCorr   .          Rampage  .   W - +2 pair of gloves {Str+3}
Will    +....                   r - +2 pair of boots {Fly}
Stlth   ..........              j - amulet of regeneration
HPRegen 0.00/turn               T - +6 ring of strength
MPRegen 0.17/turn               g - +4 ring of slaying

@: finesse-ful, flying, inhibited regen, studying Short Blades
A: claws 1, cold resistance 1, negative energy resistance 3, inhibited
regeneration, torment resistance 2, devour on kill
a: Renounce Religion, Heroism, Finesse, Duel


You were in an ice cave.
You worshipped Okawaru.
Okawaru was exalted by your worship.
You visited 1 branch of the dungeon, and saw 15 of its levels.
You also visited: Ossuary and Ice Cave.

You collected 1148 gold pieces.
You spent 374 gold pieces at shops.

Inventory:

Hand Weapons
 a - a +2 war axe of electrocution
 t - a +1 battleaxe of protection
 v - the +10 broad axe "Spiderslayer" (weapon) {flame, *Rage rPois Str+5 Dex+4}
   (Okawaru gifted it to you on level 14 of the Dungeon)

   It burns those it strikes, dealing additional fire damage.
   Big, fiery blades are also staple armaments of hydra-hunters.
   Str:       It affects your strength (+5).
   Dex:       It affects your dexterity (+4).
   rPois:     It protects you from poison.
   *Rage:     It berserks you when you make melee attacks (+20% chance).
 P - a +1 halberd of flaming
 U - a +3 hand axe of venom
Missiles
 d - a silver boomerang (quivered)
 e - 7 javelins
 q - 2 silver javelins
 A - 13 boomerangs
Armour
 f - a +1 plate armour
 k - a +0 cloak (worn)
 r - a +2 pair of boots of flying (worn)
 y - a +0 buckler (worn)
 H - a +2 helmet (worn)
 Q - the +1 chain mail "Iderex" (worn) {Str+4}
   (Okawaru gifted it to you in an ice cave)

   Str:       It affects your strength (+4).
 S - a +2 ring mail of willpower
 W - a +2 pair of gloves of strength (worn)
Jewellery
 b - a ring of protection from cold
 g - a +4 ring of slaying (right hand)
 j - an amulet of regeneration (around neck)
 o - a ring of protection from cold
 G - a +4 ring of evasion
 T - a +6 ring of strength (left hand)
Wands
 c - a wand of acid (8)
 s - a wand of digging (2)
 E - a wand of roots (17)
 J - a wand of polymorph (1)
 O - a wand of flame (5)
Scrolls
 h - 4 scrolls of vulnerability
 p - 5 scrolls of immolation
 w - 2 scrolls of fear
 x - 12 scrolls of teleportation
 C - a scroll of noise
 F - a scroll of brand weapon
 I - a scroll of blinking
 M - 2 scrolls of enchant weapon
 N - 2 scrolls of poison
 V - 2 scrolls of acquirement
 X - 2 scrolls of fog
Potions
 i - 5 potions of degeneration
 l - 7 potions of might
 m - 6 potions of flight
 n - 8 potions of curing
 u - 4 potions of mutation
 z - 3 potions of attraction
 B - 4 potions of brilliance
 D - a potion of cancellation
 K - 4 potions of lignification
 L - 2 potions of magic
 R - a potion of invisibility
 Y - 2 potions of heal wounds {unknown}
 Z - 2 potions of berserk rage


   Skills:
 + Level 14.0 Fighting
 + Level 12.1 Axes
 - Level 5.4 Throwing
 + Level 11.7 Armour
 - Level 2.6 Dodging
 - Level 10.0 Invocations


You had 13 spell levels left.
You didn't know any spells.
Your spell library contained the following spells:

 Spells                   Type           Power      Damage    Failure   Level
 Foxfire                  Conj/Fire      0%         2x1d4     90%         1
 Shock                    Conj/Air       0%         1d3       90%         1
 Blink                    Tloc           0%         N/A       97%         2
 Ensorcelled Hibernation  Hex/Ice        0%         N/A       97%         2
 Passwall                 Tmut/Erth      0%         N/A       97%         2
 Conjure Flame            Conj/Fire      0%         6-21      99%         3
 Inner Flame              Hex/Fire       0%         N/A       99%         3
 Lesser Beckoning         Tloc           0%         N/A       99%         3
 Swiftness                Air            0%         N/A       99%         3
 Airstrike                Air            0%         2d(0-16)  100%        4
 Flame Wave               Conj/Fire      0%         2d4       100%        4
 Petrify                  Tmut/Erth      0%         N/A       100%        4
 Irradiate                Conj/Tmut      0%         3d11      100%        5
 Manifold Assault         Tloc           0%         N/A       100%        5
 Summon Small Mammal      Summ           Unusable   N/A       N/A         1
 Sublimation of Blood     Necr           Unusable   N/A       N/A         2
 Call Canine Familiar     Summ           Unusable   N/A       N/A         3
 Summon Guardian Golem    Hex/Summ       Unusable   N/A       N/A         3

Dungeon Overview and Level Annotations

Branches:
Dungeon (15/15)            Temple (0/1) D:7            Lair (0/5) D:10
    Orc (0/2) D:9          Vaults (0/5) D:14         Depths (0/4) D:15
Ossuary (visited)           IceCv (1/1)

Altars:
Gozag
Kikubaaqudgha
Okawaru
Sif Muna
Trog

Shops:
D:2 !   D:8 (   D:10 [

Portals:
Trove: D:10 (give +5 ice dragon scales)

Annotations:
D:5 1 runed translucent door, Crazy Yiuf
D:10 2 transporters, superradish's ghost, novice FeTm
D:13 3 runed translucent doors, LustLizard's ghost, journeyman SpHu


Innate Abilities, Weirdness & Mutations

You are immune to poison.
You have sharp fingernails.
Your flesh is cold resistant. (rC+)
You are immune to negative energy. (rN+++)
You do not regenerate when monsters are visible.
You are immune to unholy pain and torment.
You thrive by killing the living.


Message History

You block the bog body's attack.
You slice the bog body!! You burn the bog body.
The bog body is severely damaged.
The bog body touches you but does no damage.
You slice the bog body!! You burn the bog body.
You destroy the bog body!
Okawaru accepts your kill.
A caustic shrike simulacrum comes into view.
You closely miss the freezing wraith.
The caustic shrike simulacrum claws you!
The caustic shrike simulacrum freezes you!
You resist. The freezing wraith hits you. The freezing wraith freezes you!
You resist.
The freezing wraith hits you but does no damage.
You closely miss the caustic shrike simulacrum.
You hit the freezing wraith. You burn the freezing wraith.
The caustic shrike simulacrum claws you but does no damage.
The caustic shrike simulacrum barely misses you.
The freezing wraith hits you but does no damage. x2
You barely miss the freezing wraith.
The freezing wraith is lightly damaged.
You barely miss the caustic shrike simulacrum.
The caustic shrike simulacrum claws you!
The caustic shrike simulacrum freezes you!!
You resist.
The caustic shrike simulacrum claws you.
The caustic shrike simulacrum freezes you!!
You resist.
* * * LOW HITPOINT WARNING * * *
The freezing wraith hits you.
* * * LOW HITPOINT WARNING * * *
The freezing wraith freezes you. You resist.
* * * LOW HITPOINT WARNING * * *
The freezing wraith hits you but does no damage.
You can now deal lightning-fast blows.
The caustic shrike simulacrum claws you.
* * * LOW HITPOINT WARNING * * *
The caustic shrike simulacrum freezes you!
You resist.
You die...

###### ##....###
#.......###
##..###...## ######
##..###...###≈≈≈≈##
##..###...###≈≈≈≈##
#...###...#Z.#≈≈≈#
# ##..#
##..@W##≈≈...8..
### ###...#
##....####...W.
..###....## ###..#
.p._ ........##
##...#


nZ. .....#### ###...## .. ....## ###...### W ...## ###...### #.## ###....## ###
##....### You could see a freezing wraith and a caustic shrike simulacrum.

Vanquished Creatures
  A very ugly thing (D:15)
  A caustic shrike simulacrum (IceCv)
  An ogre mage (D:14)
  2 boulder beetles
  7 two-headed ogres
  2 centaur warriors (D:14)
  3 tengu warriors (D:14)
  A skeletal warrior (D:14)
  A bog body (IceCv)
  2 spriggan simulacra (IceCv)
  4 deep elf pyromancers
  A deep elf zephyrmancer (D:14)
  Pikel (D:9)
  A deep elf archer (D:14)
  16 ugly things
  2 cyclopes
  A manticore (D:14)
  Joseph (D:9)
  Maggie (D:7)
  3 centaur skeletons (D:14)
  A komodo dragon (shapeshifter) (D:13)
  2 unseen horrors (D:11)
  Psyche (D:8)
  An ice devil (IceCv)
  13 freezing wraiths
  2 golden dragon simulacra (IceCv)
  An anaconda simulacrum (IceCv)
  A meliai (shapeshifter) (D:14)
  4 trolls
  A shadow (D:11)
  2 dire elephant simulacra (IceCv)
  19 yaks
  2 steam dragons
  4 vampires
  4 wyverns (D:10)
  Eustachio (D:4)
  Menkaure (D:5)
  An acid dragon (D:11)
  Edmund (D:6)
  3 harpy simulacra (IceCv)
  A hydra simulacrum (IceCv)
  Duvessa (D:6)
  3 water moccasins (D:10)
  9 orc warriors
  An ice beast (D:6)
  4 ogres
  14 centaurs
  A kobold brigand (D:8)
  2 lemures (D:8)
  3 deep troll simulacra (IceCv)
  5 bullfrogs
  8 scorpions
  3 necrophages
  7 wights (D:8)
  Dowan (D:6)
  17 killer bees
  2 lindwurm simulacra (IceCv)
  A howler monkey (D:7)
  3 hounds
  2 human zombies (Ossuary)
  3 gnoll boudas
  5 orc priests
  3 jellies
  7 iguanas
  10 orc wizards
  A boggart skeleton (D:14)
  4 mummies (Ossuary)
  4 adders
  23 gnolls
  2 shadow imps
  A white imp (D:8)
  2 worms
  A dart slug (D:1)
  46 orcs
  9 endoplasms
  5 giant cockroaches
  3 gnoll zombies (Ossuary)
  6 goblins
  3 hobgoblins
  3 jackals (D:1)
  10 kobolds
  2 quokkas
  2 ball pythons
  5 bats
  5 frilled lizards
  A goblin zombie (Ossuary)
  A hobgoblin zombie (Ossuary)
  3 kobold zombies (Ossuary)
  4 rats
  2 rat zombies (Ossuary)
381 creatures vanquished.

Vanquished Creatures (others)
  A sky beast (D:8)
  A human (D:8)
  2 howler monkeys (D:7)
  An orc priest (D:8)
  An orc (D:8)
  5 fungi (D:10)
  11 plants (D:10)
22 creatures vanquished.

Grand Total: 403 creatures vanquished

Notes
Turn   | Place    | Note
-------+----------+-------------------------------------------
     0 | D:1      | devnull the Ghoul Gladiator began the quest for the Orb.
     0 | D:1      | Reached XP level 1. HP: 17/17 MP: 0/0
    33 | D:1      | You fall into a shaft and drop 1 floor!
   229 | D:1      | Reached XP level 2. HP: 25/25 MP: 1/1
   387 | D:1      | Reached skill level 1 in Armour
   477 | D:1      | Reached XP level 3. HP: 21/30 MP: 2/2
   573 | D:1      | Reached skill level 3 in Fighting
   690 | D:1      | Found a faded altar of an unknown god.
  1075 | D:2      | Reached XP level 4. HP: 36/38 MP: 3/3
  1444 | D:2      | Found Piokhlid's Distillery.
  1452 | D:2      | Bought a potion of might for 44 gold pieces
  2063 | D:2      | Reached XP level 5. HP: 29/45 MP: 4/4
  2808 | D:4      | Reached skill level 4 in Fighting
  3042 | D:4      | Reached XP level 6. HP: 50/52 MP: 5/5
  3166 | D:4      | Noticed Eustachio
  3228 | D:4      | Killed Eustachio
  3803 | D:4      | Reached XP level 7. HP: 56/60 MP: 6/6
  3854 | D:4      | Reached skill level 5 in Fighting
  3995 | D:5      | Entered Level 5 of the Dungeon
  4007 | D:5      | Reached skill level 5 in Axes
  4098 | D:5      | Reached XP level 8. HP: 65/70 MP: 7/7
  4185 | D:5      | Reached skill level 6 in Fighting
  4979 | D:5      | Noticed Menkaure
  4986 | D:5      | Killed Menkaure
  5196 | D:5      | Found a runed translucent door.
  5197 | D:5      | Noticed Crazy Yiuf
  5243 | D:6      | Reached skill level 5 in Armour
  5334 | D:6      | Found an iron altar of Okawaru.
  5421 | D:6      | Reached skill level 7 in Fighting
  5473 | D:6      | Noticed Duvessa
  5488 | D:6      | Noticed Dowan
  5500 | D:6      | Killed Dowan
  5501 | D:6      | Killed Duvessa
  5533 | D:6      | Reached XP level 9. HP: 79/79 MP: 8/8
  5547 | D:6      | Noticed Edmund
  5566 | D:6      | Killed Edmund
  5681 | D:6      | Noticed a troll
  5688 | D:6      | Killed a troll
  5873 | D:6      | Reached skill level 8 in Fighting
  6100 | D:6      | Became a worshipper of Warmaster Okawaru
  6276 | D:7      | Found a sand-covered staircase.
  6281 | Ossuary  | Entered an ossuary
  6640 | D:7      | Noticed Maggie
  6659 | D:7      | Killed Maggie
  6659 | D:7      | Reached * piety under Okawaru
  6826 | D:7      | Identified the +6 rapier of the Kidney {flame, rPois rN+
                  | Str-3}
  6955 | D:7      | Found a staircase to the Ecumenical Temple.
  7330 | D:8      | Reached skill level 9 in Fighting
  7330 | D:8      | Reached XP level 10. HP: 91/91 MP: 9/9
  7350 | D:8      | Found Sicyre's Antique Weapon Shop.
  7526 | D:8      | Noticed Psyche
  7591 | D:8      | Killed Psyche
  7618 | D:8      | Found a bloodstained altar of Trog.
  7819 | D:8      | Reached ** piety under Okawaru
  8006 | D:8      | Found an ancient bone altar of Kikubaaqudgha.
  8370 | D:9      | Noticed Pikel
  8510 | D:9      | Killed Pikel
  8511 | D:9      | Reached skill level 10 in Fighting
  8511 | D:9      | Reached skill level 1 in Invocations
  8595 | D:9      | Reached *** piety under Okawaru
  8691 | D:9      | Noticed Joseph
  8707 | D:9      | Killed Joseph
  8781 | D:9      | Received a gift from Okawaru
  8783 | D:9      | Reached XP level 11. HP: 101/101 MP: 12/12
  8918 | D:9      | Found a staircase to the Orcish Mines.
  8982 | D:9      | Noticed a two-headed ogre
  9046 | D:8      | Killed a two-headed ogre
  9046 | D:8      | Reached **** piety under Okawaru
  9198 | D:10     | Entered Level 10 of the Dungeon
  9206 | D:10     | Found Bahutiqi's Antique Armour Boutique.
  9211 | D:10     | Bought a pair of runed gloves for 165 gold pieces
  9226 | D:10     | Bought a pair of runed boots for 165 gold pieces
  9246 | D:10     | Found a portal to a secret trove of treasure.
  9302 | D:10     | Found a staircase to the Lair.
  9346 | D:10     | Reached skill level 11 in Fighting
  9448 | D:10     | Reached skill level 5 in Invocations
  9653 | D:10     | Found a shimmering blue altar of Sif Muna.
  9653 | D:10     | Found an opulent altar of Gozag.
  9973 | D:10     | Noticed superradish's ghost (novice FeTm)
  9974 | D:10     | Found a transporter.
  9974 | D:10     | Noticed a two-headed ogre
  9975 | D:10     | Found a transporter.
  9975 | D:10     | Noticed a stone giant
 10229 | D:11     | Noticed a two-headed ogre
 10236 | D:11     | Killed a two-headed ogre
 10236 | D:11     | Reached ***** piety under Okawaru
 10587 | D:11     | Noticed a two-headed ogre
 10595 | D:11     | Killed a two-headed ogre
 10725 | D:11     | Received a gift from Okawaru
 10726 | D:11     | Reached skill level 10 in Axes
 10947 | D:11     | Reached XP level 12. HP: 110/110 MP: 15/15
 11530 | D:12     | Received a gift from Okawaru
 11560 | D:12     | Noticed a two-headed ogre
 11577 | D:12     | Killed a two-headed ogre
 11587 | D:12     | Reached skill level 12 in Fighting
 11688 | D:12     | Noticed a two-headed ogre
 11696 | D:12     | Killed a two-headed ogre
 11697 | D:12     | Reached skill level 10 in Armour
 11937 | D:12     | Reached ****** piety under Okawaru
 11937 | D:12     | Received a gift from Okawaru
 12495 | D:13     | Noticed a boulder beetle
 12512 | D:13     | Killed a boulder beetle
 12569 | D:13     | Found a runed translucent gate.
 12586 | D:13     | Noticed a yaktaur captain
 12586 | D:13     | Noticed LustLizard's ghost (journeyman SpHu)
 12588 | D:13     | Found a runed translucent gate.
 12589 | D:13     | Found a runed translucent gate.
 13109 | D:14     | Received a gift from Okawaru
 13254 | D:14     | Reached XP level 13. HP: 72/119 MP: 16/18
 13588 | D:14     | Reached skill level 5 in Throwing
 13942 | D:14     | Reached skill level 13 in Fighting
 14087 | D:14     | Identified the +10 broad axe "Spiderslayer" {flame, *Rage
                  | rPois Str+5 Dex+4} (Okawaru gifted it to you on level 14 of
                  | the Dungeon)
 14087 | D:14     | Received a gift from Okawaru
 14270 | D:14     | Identified a scroll of acquirement
 14388 | D:14     | Found a gate to the Vaults.
 14657 | D:15     | Entered Level 15 of the Dungeon
 14657 | D:15     | Found a staircase to the Depths.
 14740 | D:15     | Noticed a white very ugly thing
 14755 | D:15     | Killed a white very ugly thing
 14774 | D:15     | Found a frozen archway.
 14800 | IceCv    | Entered an ice cave
 14811 | IceCv    | Identified the +1 chain mail "Iderex" {Str+4} (Okawaru
                  | gifted it to you in an ice cave)
 14811 | IceCv    | Received a gift from Okawaru
 14903 | IceCv    | Reached XP level 14. HP: 62/130 MP: 20/20
 15197 | IceCv    | Reached skill level 10 in Invocations
 15305 | IceCv    | Reached skill level 14 in Fighting
 15319 | IceCv    | Found an ancient bone altar of Kikubaaqudgha.
 15351 | IceCv    | HP: 3/132 [caustic shrike simulacrum (6)]
 15351 | IceCv    | Mangled by a caustic shrike simulacrum

Illustrated notes

Levels and vault maps discovered:
D:1:      minmay_arrival_doors, layout_rooms, chequers_ecumenical_altar_grove,
          chequers_serial_rivers_marsh, minivault_11
D:2:      layout_loops_ring, serial_shops, nicolae_square_shop,
          grunt_decor_resistance, grunt_ministairs_9, roderic_roman_lattice
D:3:      layout_rooms, chequers_arboretum, due_unseen_surprise
D:4:      layout_loops_cross, uniq_eustachio
D:5:      layout_rooms, minmay_misc_feat_iff, uniq_menkaure,
          uniq_crazy_yiuf_cottage
D:6:      layout_loops_ring, okawaru_trees_1, minmay_manual_mullet,
          uniq_duvessa, uniq_edmund
D:7:      layout_loops_ring, minmay_temple_entry_antechambers, enter_ossuary_5,
          uniq_maggie
D:8:      layout_basic, tgw_kikubaaqudgha, trog_butcher_becter, serial_shops,
          nicolae_shop_advertising_works [nicolae_subvault_shop_adworks],
          chequers_jeans, minmay_checkerbox, uniq_psyche
D:9:      layout_basic, zin_statuary, david_orc_5, uniq_joseph, uniq_pikel
D:10:     minmay_flawed_box, layout_gridville,
          gammafunk_temple_overflow_elements, minmay_lair_entry_grove,
          gammafunk_ghost_arena, serial_shops, kennysheep_little_box,
          serial_co_window_serial, co_window_paths_a, co_window_paths_a,
          co_window_paths_a, co_window_corner_a, co_window_of_opportunity_a,
          co_window_corner_a, co_window_paths_a, co_window_corner_cb,
          co_window_2corner, co_window_of_opportunity_c, co_window_paths_e,
          enter_trove_0
D:11:     layout_stronghold
D:12:     layout_gridville, nicolae_wwwww
D:13:     layout_rooms, gammafunk_ghost_split, patterned_corridor
D:14:     layout_irregular_city, hangedman_vaults_entry_quadrant_bands
D:15:     gammafunk_depths_entry_grave, layout_loops_ring,
          portal_ice_cave_entry_horrid_things
IceCv:    ice_cave_small_necro

Skill      XL: |  1  2  3  4  5  6  7  8  9 10 11 12 13 14 |
---------------+-------------------------------------------+-----
Axes           | 3 4 5 6 7 9 10 11 12 | 12.1
Armour         | 1 2 3 4 5 7 8 9 10 11 | 11.7
Fighting       | 3 4 5 7 9 10 11 12 13 14 | 14.0
Invocations    | 3 6 8 9 10 | 10.0
Throwing       | 2 4 5 |  5.4
Dodging        | |  2.6

Action                   |  1- 3 |  4- 6 |  7- 9 | 10-12 | 13-15 || total
-------------------------+-------+-------+-------+-------+-------++-------
Melee: War axe           |    88 |   151 |   298 |   569 |    90 ||  1196
       Punch             |     3 |       |       |       |       ||     3
       Broad axe         |       |       |       |       |   115 ||   115
       Battleaxe         |       |       |       |       |    19 ||    19
Throw: Throwing net      |       |     3 |     3 |     1 |     1 ||     8
       Boomerang         |       |     2 |    34 |    31 |     3 ||    70
       Javelin           |       |       |       |     4 |       ||     4
Invok: Heroism           |       |       |       |       |     3 ||     3
       Finesse           |       |       |       |       |     2 ||     2
Evoke: Wand              |       |     1 |       |       |       ||     1
  Use: Scroll            |       |     9 |     9 |    10 |     7 ||    35
       Potion            |       |       |     1 |       |       ||     1
Armor: Plate armour      |    74 |   132 |   194 |   508 |   169 ||  1077
       Leather armour    |     5 |       |       |       |       ||     5
       Chain mail        |       |       |       |       |    44 ||    44
Dodge: Dodged            |    31 |    58 |   152 |   341 |   102 ||   684
Block: Buckler           |       |     8 |    45 |    76 |    25 ||   154
